 Dungeon Crawl Stone Soup version 0.27-a0-1301-g128193abf8 (webtiles) character file.

Game seed: 16526180792194596674

10374 Delamore the Spear-Bearer (level 11, -2/84 HPs)
             Began as a Formicid Fighter on June 16, 2021.
             Was an Initiate of Gozag.
             Engulfed by a cloud of flame (10 damage)
             ... in a volcano.
             The game lasted 00:22:12 (12819 turns).

Delamore the Spear-Bearer (Formicid Fighter)       Turns: 12819, Time: 00:22:13

Health: -2/84      AC: 21    Str: 24    XL:     11   Next: 91%
Magic:  0/11       EV:  6    Int:  8    God:    Gozag
Gold:   397        SH: 12    Dex: 10    Spells: 10/10 levels left

rFire    . . .     SeeInvis +   F - +2 trident (flame)
rCold    + . .     Faith    .   c - +1 kite shield
rNeg     . . .     Spirit   +   w - +0 plate armour
rPois    .         Reflect  .   (helmet unavailable)
rElec    .         Harm     .   b - +2 cloak
rCorr    .         Rampage  .   h - +0 pair of gloves
Will     +....                  (no boots)
Stlth    ..........             k - amulet of guardian spirit
HPRegen  0.24/turn              j - +4 ring of protection
MPRegen  0.12/turn              p - ring of protection from cold

@: no status effects
A: permanent stasis, dig shafts and tunnels, antennae 3, four strong arms
a: Dig, Renounce Religion, Potion Petition, Call Merchant, Bribe Branch


You were in a volcano.
You worshipped Gozag.
Gozag was aware of your devotion.
You visited 3 branches of the dungeon, and saw 12 of its levels.
You also visited: Sewer, Ossuary and Volcano.

You collected 2210 gold pieces.
You spent 169 gold pieces at shops.
You paid 1644 gold pieces to Gozag.

Inventory:

Hand Weapons
 r - a +1 dagger of electrocution
 E - a +0 glaive
 F - a +2 trident of flaming (weapon)
Missiles
 e - 3 throwing nets
 g - 58 poisoned darts (quivered)
 s - 5 boomerangs
Armour
 b - a +2 cloak (worn)
 c - a +1 kite shield (worn)
 h - a +0 pair of gloves (worn)
 w - a +0 plate armour (worn)
Jewellery
 j - a +4 ring of protection (left hand)
 k - an amulet of guardian spirit (around neck)
 p - a ring of protection from cold (right hand)
Wands
 t - a wand of flame (6)
 D - a wand of iceblast (5)
Scrolls
 l - a scroll of enchant weapon
 u - 4 scrolls of amnesia
 v - 3 scrolls of immolation
 y - a scroll of enchant armour
 C - a scroll of fear
Potions
 d - a potion of might
 f - 3 potions of lignification
 i - a potion of resistance
 m - 2 potions of mutation
 n - 5 potions of curing
 o - 4 potions of attraction {unknown}
 q - 4 potions of heal wounds
 x - a potion of haste {unknown}
 z - 4 potions of flight
 B - 2 potions of brilliance {unknown}


   Skills:
 + Level 7.0 Fighting
 - Level 14.0 Polearms
 + Level 5.4 Throwing
 + Level 5.9 Armour
 - Level 7.0 Shields
 - Level 3.0 Evocations


You had 10 spell levels left.
You didn't know any spells.
Your spell library contained the following spells:

 Spells                   Type           Power      Damage    Failure   Level
 Animate Skeleton         Necr           0%         N/A       100%        1
 Apportation              Tloc           0%         N/A       100%        1
 Corona                   Hex            0%         N/A       100%        1
 Magic Dart               Conj           0%         1d3       100%        1
 Summon Small Mammal      Summ           0%         N/A       100%        1
 Searing Ray              Conj           0%         3d3       100%        2
 Dazzling Flash           Conj/Hex       0%         N/A       100%        3
 Fulminant Prism          Conj/Hex       0%         3d6       100%        4
 Iskenderun's Mystic Bla  Conj/Tloc      0%         2d3       100%        4
 Summon Forest            Summ/Tloc      0%         N/A       100%        5
 Summon Mana Viper        Hex/Summ       0%         N/A       100%        5
 Shadow Creatures         Summ           N/A        N/A       100%        6
 Summon Hydra             Summ           0%         N/A       100%        7


Dungeon Overview and Level Annotations

Branches:
Dungeon (9/15)             Temple (1/1) D:7            Lair (2/6) D:9
  Sewer (visited)         Ossuary (visited)         Volcano (1/1)
  Swamp: Lair:2-4    Shoals: Lair:2-4     Snake: Lair:2-4    Spider: Lair:2-4
    Orc: D:9-12

Altars:
Ashenzari
Cheibriados
Dithmenos
Elyvilon
Fedhas
Gozag
Hepliaklqana
Kikubaaqudgha
Makhleb
Nemelex Xobeh
Okawaru
Qazlal
Ru
Sif Muna
Trog
Uskayaw
Vehumet
Wu Jian
Xom
Yredelemnul
Zin
The Shining One

Shops:
D:2 :   D:6 !   D:7 =   D:9 (

Annotations:
D:5 3 runed translucent doors, CryoSword's ghost, weakling FoDe; keat06's ghost, novice MiFi Volcano exclusion: obsidian statue


Innate Abilities, Weirdness & Mutations

You cannot be hasted, slowed, berserked, paralysed or teleported.
You can dig through walls and to a lower floor.
You have a pair of large antennae on your head. (SInv)
Your four strong arms can wield two-handed weapons with a shield.


Message History

The lava snake bites you but does no damage.
You puncture the lava snake!
You kill the lava snake!
You now have 397 gold pieces (gained 7).
No target in view!
No target in view!
No target in view!
No target in view!
No target in view!
No target in view!
No target in view!
No target in view!
No target in view!
You open the door.
There is an open door here.
The air gets thick with the scent of sulphur.
In the distance, the volcano erupts with a roar.
You are engulfed in blazing flames.
You're standing in a cloud of flame!
You are engulfed in blazing flames.
You are engulfed in blazing flames.
You start resting.
You are engulfed in blazing flames.
You're standing in a cloud of flame!
You are engulfed in blazing flames.
You are engulfed in blazing flames.
You are engulfed in blazing flames.
A two-headed ogre and an obsidian statue come into view.
The two-headed ogre is wielding a +1 great mace of flaming and a +0 giant club of flaming.
You are engulfed in blazing flames.
The two-headed ogre shouts in stereo!
You hear two shouts!
You hear a shout!
Marking area around an obsidian statue as unsafe for travelling.
You are engulfed in blazing flames.
* * * LOW HITPOINT WARNING * * *
Unknown command.
You are engulfed in blazing flames.
* * * LOW HITPOINT WARNING * * *
You are engulfed in blazing flames.
You die...
Your body crumbles into a pile of gold.

#### #8O## ...####
#{..##### ≈§....###
####☼☼≈≈#
≈≈.....8#####≈≈☼.####
§§≈.......'.####O☼≈≈#
≈≈≈....8###.#≈≈☼☼####
≈≈≈≈...## #.####☼☼☼☼#
≈≈≈≈..#####.#☼☼☼☼####
≈≈≈≈§.§#.##.####@☼☼☼#
≈§≈≈≈§..#.#.#☼☼☼☼####
≈≈≈≈§≈§...#.####☼☼☼☼#
§§§§≈§≈...#..##.#####
§≈§§§§...###....8#
§§≈≈....## #######
§≈§....## ≈§§...##
≈.§..##


You could see a two-headed ogre.

Vanquished Creatures
  Erica (D:8)
  A manticore (D:8)
  A cane toad (Lair:1)
  Joseph (D:7)
  Maggie (D:7)
  A komodo dragon (D:9)
  A hornet (D:8)
  Sigmund (D:3)
  3 wyverns
  6 fire bats (Volcano)
  10 yaks
  2 wraiths
  Grum (D:9)
  A steam dragon (D:6)
  Edmund (D:5)
  3 water moccasins
  A sky beast (D:5)
  A hornet zombie (D:7)
  A necrophage (D:4)
  3 orc warriors
  A black bear (Lair:1)
  An ice beast (D:4)
  5 centaurs
  3 ogres
  3 wolves (D:9)
  A phantom (D:4)
  A kobold brigand (D:9)
  A bullfrog (D:7)
  3 scorpions
  A gnoll sergeant (D:7)
  A wyvern zombie (D:6)
  A water moccasin skeleton (D:5)
  6 killer bees (D:9)
  3 howler monkeys
  A wight (D:9)
  8 lava snakes (Volcano)
  3 centaur zombies
  A hound (D:4)
  2 gnoll shamans
  2 orc priests
  Crazy Yiuf (D:5)
  2 jellies (D:5)
  A bullfrog skeleton (D:6)
  2 iguanas
  A merfolk siren (Sewer)
  11 orc wizards
  Natasha (thrice) (D:3)
  A merfolk avatar (Sewer)
  A killer bee zombie (D:6)
  A hound zombie (D:5)
  9 mummies
  16 gnolls
  A howler monkey skeleton (D:5)
  A river rat (Sewer)
  10 adders
  4 shadow imps
  A white imp (D:7)
  An ufetubus (D:5)
  A worm (D:3)
  2 dart slugs (D:1)
  22 orcs
  8 endoplasms
  6 giant cockroaches
  4 goblins
  12 hobgoblins
  11 jackals
  11 kobolds
  7 quokkas
  15 ball pythons
  7 bats
  7 frilled lizards
  4 kobold zombies (Ossuary)
  4 orc zombies (Ossuary)
  24 rats
301 creatures vanquished.

Vanquished Creatures (others)
  A fungus (Lair:2)
  8 plants
9 creatures vanquished.

Grand Total: 310 creatures vanquished

Notes
Turn   | Place    | Note
-------+----------+-------------------------------------------
     0 | D:1      | Delamore the Formicid Fighter began the quest for the Orb.
     0 | D:1      | Reached XP level 1. HP: 18/18 MP: 1/1
    19 | D:1      | Reached XP level 2. HP: 24/24 MP: 2/2
   378 | D:1      | Reached XP level 3. HP: 29/30 MP: 3/3
   447 | D:1      | Reached skill level 3 in Polearms
   892 | D:1      | Reached XP level 4. HP: 22/37 MP: 2/4
  1030 | D:2      | Reached skill level 1 in Throwing
  1225 | D:2      | Found Jingac's Book Shop.
  1404 | D:2      | Found a faded altar of an unknown god.
  1721 | D:3      | Reached XP level 5. HP: 42/42 MP: 5/5
  1726 | D:3      | Noticed Natasha
  1761 | D:3      | Killed Natasha
  1762 | D:3      | Reached skill level 4 in Polearms
  1819 | D:3      | Found an iron altar of Okawaru.
  1861 | D:3      | Found a white marble altar of Elyvilon.
  2122 | D:3      | Found a sparkling altar of Nemelex Xobeh.
  2141 | D:3      | Found a glowing golden altar of the Shining One.
  2145 | D:3      | Noticed Sigmund
  2157 | D:3      | Killed Sigmund
  2158 | D:3      | Reached skill level 5 in Polearms
  2158 | D:3      | Reached XP level 6. HP: 49/50 MP: 6/6
  2191 | D:3      | Found a bloodstained altar of Trog.
  2220 | D:3      | Noticed Natasha
  2226 | D:3      | Killed Natasha
  2279 | D:3      | Noticed Natasha
  2288 | D:3      | Killed Natasha
  2482 | D:3      | Found an ornate altar of the Wu Jian Council.
  2694 | D:4      | Found a transporter.
  2700 | D:4      | Reached XP level 7. HP: 53/55 MP: 7/7
  2728 | D:4      | Found a transporter.
  2764 | D:4      | Reached skill level 5 in Fighting
  2816 | D:4      | Found a sand-covered staircase.
  2832 | Ossuary  | Entered an ossuary
  2893 | Ossuary  | Reached skill level 6 in Polearms
  3726 | D:4      | Found a sacrificial altar of Ru.
  3911 | D:4      | Reached XP level 8. HP: 59/62 MP: 6/8
  3927 | D:4      | Reached skill level 7 in Polearms
  4031 | D:4      | Reached skill level 8 in Polearms
  4168 | D:4      | Found a snail-covered altar of Cheibriados.
  4567 | D:5      | Entered Level 5 of the Dungeon
  4904 | D:5      | Found a glowing drain.
  4915 | Sewer    | Entered a sewer
  5091 | Sewer    | Reached skill level 9 in Polearms
  5590 | D:5      | Reached skill level 1 in Evocations
  5590 | D:5      | Reached XP level 9. HP: 58/68 MP: 7/9
  5734 | D:5      | Identified a scroll of acquirement
  5734 | D:5      | Acquired 719 gold pieces
  6013 | D:5      | Found a runed translucent gate.
  6014 | D:5      | Found a runed translucent gate.
  6015 | D:5      | Found a runed translucent gate.
  6016 | D:5      | Noticed CryoSword's ghost (weakling FoDe)
  6017 | D:5      | Noticed keat06's ghost (novice MiFi)
  6097 | D:5      | Found a runed translucent door.
  6098 | D:5      | Noticed Crazy Yiuf
  6140 | D:5      | Killed Crazy Yiuf
  6262 | D:5      | Reached skill level 10 in Polearms
  6378 | D:5      | Noticed Edmund
  6448 | D:5      | Killed Edmund
  6895 | D:6      | Found Hiemnus's Distillery.
  6908 | D:6      | Found a broken altar of Ashenzari.
  7212 | D:6      | Reached skill level 11 in Polearms
  7336 | D:6      | Reached skill level 5 in Shields
  7769 | D:6      | Reached XP level 10. HP: 74/74 MP: 10/10
  7821 | D:7      | Noticed Maggie
  7838 | D:7      | Killed Maggie
  8090 | D:7      | Noticed Joseph
  8119 | D:7      | Killed Joseph
  8120 | D:7      | Reached skill level 12 in Polearms
  8283 | D:7      | Found a hide-covered altar of Uskayaw.
  8728 | D:7      | Found a staircase to the Ecumenical Temple.
  8743 | Temple   | Entered the Ecumenical Temple
  8792 | Temple   | Became a worshipper of Gozag Ym Sagoz the Greedy
  9612 | D:8      | Noticed a manticore
  9625 | D:8      | Killed a manticore
  9769 | D:8      | Noticed Erica
  9788 | D:8      | Killed Erica
  9789 | D:8      | Reached skill level 13 in Polearms
  9940 | D:8      | Found a basalt altar of Yredelemnul.
  9982 | D:8      | Reached XP level 11. HP: 49/79 MP: 8/11
 10411 | D:9      | Reached skill level 14 in Polearms
 11114 | D:9      | Noticed Grum
 11147 | D:9      | Killed Grum
 11429 | D:9      | Found a staircase to the Lair.
 11578 | D:9      | Found a blossoming altar of Fedhas.
 11933 | D:9      | Bought a glowing trident for 169 gold pieces
 11938 | Lair:1   | Entered Level 1 of the Lair of Beasts
 11952 | Lair:1   | Reached skill level 5 in Armour
 12013 | Lair:1   | You fall into a shaft and drop 1 floor!
 12119 | Lair:1   | Found a dark tunnel.
 12209 | Volcano  | Entered a volcano
 12253 | Volcano  | Reached skill level 5 in Throwing
 12813 | Volcano  | Noticed a two-headed ogre
 12813 | Volcano  | Noticed an obsidian statue
 12819 | Volcano  | Engulfed by a cloud of flame

Illustrated notes

Levels and vault maps discovered:
D:1:      giann_horns, layout_basic, minmay_heptomino_h4
D:2:      layout_rooms, ebering_ecumenical_altar_webs, serial_shops,
          nicolae_shop_statue_plus
D:3:      layout_rooms, nemelex_altar_shiori, nzn_wu_jian_contemplation,
          overflow_temple_1_default, lemuel_doored_altar, elyvilon_altar_1,
          overflow_temple_1_default, minmay_checkerbox, uniq_natasha,
          uniq_sigmund
D:4:      gammafunk_wand_slinger, layout_cave_pools, lemuel_tele_altar,
          nicolae_ru_the_path_less_chosen, gup_ossuary_entry_pyramid,
          minmay_fractal_squares_gapless_5
D:5:      layout_basic, cheibrodos_sewer_entry_drain, gammafunk_ghost_cemetery,
          uniq_crazy_yiuf_cottage, uniq_edmund
D:6:      layout_cave_pools, cheibrodos_ashenzari_chains, serial_shops,
          shop_coins
D:7:      layout_rooms, kennysheep_mini, minmay_temple_entry_statues_pillars,
          uniq_joseph, uniq_maggie
D:8:      layout_basic, overflow_temple_1_default, uniq_erica
D:9:      layout_basic, fedhas_altar_1, david_lair_shrubbed,
          minmay_diced_spiral, uniq_grum
Temple:   zaba_magenta_temple
Lair:1:   layout_hall_layers, nicolae_volcano_entry_lava_flow
Lair:2:   layout_gridlike, ice2_lemuel
Volcano:  volcano_grotto [vgs_trial_by_fire]

Skill      XL: |  1  2  3  4  5  6  7  8  9 10 11 |
---------------+----------------------------------+-----
Polearms       | 3 5 6 9 11 13 14 | 14.0
Fighting       | 4 5 7 |  7.0
Throwing       | 1 2 3 5 |  5.4
Evocations     | 1 3 |  3.0
Shields        | 5 7 |  7.0
Armour         | 5 |  5.9

Action                   |  1- 3 |  4- 6 |  7- 9 | 10-12 || total
-------------------------+-------+-------+-------+-------++-------
Melee: Trident           |    86 |   128 |   623 |   463 ||  1300
Throw: Dart              |    33 |    67 |   125 |   152 ||   377
Invok: Call Merchant     |       |       |       |     2 ||     2
 Abil: Dig               |       |       |     8 |     7 ||    15
Evoke: Wand              |       |       |     3 |     1 ||     4
  Use: Scroll            |     5 |     4 |     9 |     1 ||    19
       Potion            |       |       |     1 |       ||     1
 Stab: Distracted        |       |       |       |     1 ||     1
Armor: Scale mail        |    37 |    63 |    74 |       ||   174
       Plate armour      |       |       |   197 |   120 ||   317
Dodge: Dodged            |    34 |    43 |   118 |    53 ||   248
Block: Kite shield       |    43 |    88 |   308 |   171 ||   610

Table legend: (Time is in decaauts)
 A = Elapsed time spent in this place.
 B = Non-inter-level travel time spent in this place.
 C = Inter-level travel time spent in this place.
 D = Time resting spent in this place.
 E = Time spent auto-exploring this place.
 F = Levels seen in this place.
 G = Mean time per level.
                   A        B        C        D        E       F      G
               +--------+--------+--------+--------+--------+-----+--------+
         Total |  12826 |  12424 |    402 |   1775 |   7818 |  15 |  855.1 |
       Dungeon |  10767 |  10365 |    402 |   1457 |   6731 |   9 | 1196.3 |
        Temple |     63 |     63 |      0 |      0 |     45 |   1 |   63.0 |
          Lair |    255 |    255 |      0 |     84 |     44 |   2 |  127.5 |
         Sewer |    524 |    524 |      0 |     17 |    264 |   1 |  524.0 |
       Ossuary |    629 |    629 |      0 |     49 |    405 |   1 |  629.0 |
       Volcano |    585 |    585 |      0 |    168 |    328 |   1 |  585.0 |
               +--------+--------+--------+--------+--------+-----+--------+

Top non-repeatable levels by time:
     D:4: 1575 daAuts
     D:9: 1536 daAuts
     D:5: 1503 daAuts
     D:7: 1428 daAuts
     D:1: 1045 daAuts
     D:3: 991 daAuts
     D:6: 986 daAuts
     D:8: 977 daAuts
     D:2: 722 daAuts
 Ossuary: 629 daAuts
 Volcano: 585 daAuts
   Sewer: 524 daAuts
  Lair:1: 232 daAuts
  Temple: 63 daAuts
  Lair:2: 22 daAuts
